[Event "44th Chess Olympiad Open 2022"]
[Site "Chennai"]
[Date "2022.08.09"]
[Round "11.13"]
[White "Pelletier, Yannick"]
[Black "Rodshtein, Maxim"]
[Result "0-1"]
[ECO "D45"]
[WhiteElo "2551"]
[BlackElo "2596"]
[Annotator "TA"]
[PlyCount "108"]
[EventDate "2022.07.29"]
[EventType "team-tourn"]
[EventCountry "IND"]
[SourceTitle "playchess.com"]
[Source "ChessBase"]
[SourceQuality "1"]
[WhiteTeam "Switzerland"]
[BlackTeam "Israel"]
[WhiteTeamCountry "SUI"]
[BlackTeamCountry "ISR"]
[TimeControl "40/5400+30:1800+30"]

1. d4 Nf6 2. c4 e6 3. Nf3 d5 4. Nc3 c6 5. e3 Nbd7 6. Qc2 Bd6 7. b3 O-O 8. Be2 b6 9. O-O Bb7 10. Bb2 Qe7 11. Rfe1 Rfe8 12. e4 {[%emt 0:04:52] D45: Semi-Slav: 5 e3.} Nxe4 13. Nxe4 dxe4 14. Qxe4 {[%emt 0:00:10] The position is equal.} Nf6 15. Qc2 c5 16. d5 exd5 {[%emt 0:04:42] White must now prevent ...d4.} 17. Bd3 Ne4 {[%emt 0:01:23] Threatens to win with ...d4.} 18. cxd5 f5 19. Rad1 a6 {[%emt 0:05:10] [#]} (19... Bxd5 20. Bb5 Bb7 21. Qc4+ (21. Bxe8 Rxe8 22. Qc4+ Kf8 $16) 21... Kf8 22. Bxe8 Rxe8 23. g3 $16) ({Better is} 19... Rac8 $14) 20. g3 $146 ({Predecessor:} 20. a4 h6 21. h3 Qf7 22. Bc4 Kh8 23. Nd2 Qg6 24. Nxe4 fxe4 25. Qd2 Re7 26. Re2 {0-1 (35) Lee,A (2348)-Lu,M (2298) Charlotte 2022}) 20... Qf7 21. Bxe4 (21. Nh4 $1 $16) 21... Rxe4 (21... fxe4 $11 22. Ng5 Qh5) 22. Rxe4 (22. Ng5 $1 $16 Rxe1+ 23. Rxe1) 22... fxe4 $11 23. Ng5 Qh5 (23... Qf5 24. Nxe4 (24. Qxe4 Qxe4 25. Nxe4 Rd8 $11) 24... Rf8 25. Qd3 $16 (25. Qc3 Rf7 $14)) 24. Nxe4 Bf8 25. h4 (25. f4 {keeps more tension.} Rd8 26. Ng5 Be7 27. h4) 25... h6 {[%emt 0:02:23][%mdl 1024] Against Ng5. Black has compensation.} 26. a4 (26. Nc3 $11) 26... Re8 (26... b5 $15) 27. Nc3 (27. Rd2 $11 {keeps the balance.}) 27... Qf3 28. Kh2 (28. Qg6 $2 Bxd5 $1 29. Nxd5 Qxd1+ 30. Kh2 Qxd5 $1 $19) (28. Qb1 $15) 28... Bd6 $17 {[%emt 0:04:31][%cal Ob7d5] Strongly threatening ...Bxd5!} 29. Rd3 Qg4 $40 {[%emt 0:00:08][%mdl 128] Hoping for ...Re1. Black goes for the king. 0x0.0024d7799c78dp-1022s more active pieces.} 30. Kg2 (30. Qd2 $17 {was called for.}) 30... b5 $2 (30... Bc8 $19 31. Qc1 Bf4 $1) 31. axb5 $2 (31. Qd1 $11 {and White stays safe.} Qd7 32. Qd2) 31... axb5 $2 (31... Bc8 $19 {( -> ...Qh3+)} 32. Qc1 (32. Qd1 $2 Qh3+ 33. Kg1 Bf5 $19) 32... Bf4) 32. Qd1 $15 Qxd1 33. Nxd1 Re2 34. Bc3 {[%emt 0:01:53] [#]} (34. Kf1 $11 Rc2 35. Ke1) 34... b4 $1 $17 35. Bb2 {[%emt 0:00:23] [#]} (35. Ba1 $17) 35... Ba6 $1 $19 36. Re3 Rd2 37. Re6 Rxd5 38. Ne3 Kf7 39. Nxd5 Kxe6 {[%emt 0:00:06][%mdl 4096] Endgame KBB-KBN} 40. Ne3 $2 (40. Nf4+ $17 Bxf4 41. gxf4) 40... Be5 41. Bc1 ({Reject} 41. Bxe5 Kxe5 42. f4+ Kd4 $19) 41... Bb7+ 42. f3 Bd5 {[%emt 0:00:39] Black is clearly winning.} 43. Nxd5 (43. Kf2 $142 Bxb3 44. f4) 43... Kxd5 {[%emt 0:00:06] KB-KB} 44. g4 c4 45. bxc4+ Kxc4 46. f4 Bc3 47. f5 Kd3 48. g5 hxg5 49. hxg5 b3 50. f6 gxf6 51. g6 f5 52. Kf3 Be5 53. Ba3 Kc4 54. Ke3 Kd5 {[%emt 0:00:06] Weighted Error Value: White=0.64/Black=0.23 (precise)} 0-1

[Event "44th Chess Olympiad Open 2022"]
[Site "Chennai"]
[Date "2022.08.09"]
[Round "11.14"]
[White "Amin, Bassem"]
[Black "Jobava, Baadur"]
[Result "1/2-1/2"]
[ECO "A07"]
[WhiteElo "2680"]
[BlackElo "2585"]
[Annotator "TA"]
[PlyCount "85"]
[EventDate "2022.07.29"]
[EventType "team-tourn"]
[EventCountry "IND"]
[SourceTitle "playchess.com"]
[Source "ChessBase"]
[SourceQuality "1"]
[WhiteTeam "Egypt"]
[BlackTeam "Georgia"]
[WhiteTeamCountry "EGY"]
[BlackTeamCountry "GEO"]
[TimeControl "40/5400+30:1800+30"]

1. Nf3 d5 2. g3 g6 3. Bg2 Bg7 4. O-O e5 5. d3 Nc6 6. Nc3 {[%emt 0:00:14] A07: Réti Opening: New York and Capablanca Systems.} Nge7 7. e4 dxe4 8. dxe4 Be6 9. b3 {[%emt 0:18:02] [#]} Nd4 $146 ({Predecessor:} 9... h6 10. Ba3 O-O 11. Nd5 Re8 12. Nxe7+ Nxe7 13. Qe2 Nc6 14. c3 a5 15. Nd2 a4 {1-0 (39) Klarenbeek,H (2415)-Barsov,A (2440) Purmerend 1993}) 10. Ng5 Bd7 11. Nd5 h6 {[%emt 0:09:17] [#] Threatens to win with ...Nxd5.} 12. c3 Nxd5 (12... Nb5 $5 13. Nf3 Nxd5 14. Qxd5 Bc6 $11) 13. exd5 hxg5 14. cxd4 O-O 15. Bb2 (15. dxe5 {seems wilder.} Bxe5 16. Bxg5 Qxg5 17. f4) 15... e4 16. Bxe4 Re8 17. Re1 a5 18. Qc2 a4 19. a3 axb3 20. Qxb3 Ba4 21. Qc4 Qd6 22. Bc3 Qd7 23. Bg2 Rxe1+ {[%emt 0:03:54] The position is equal.} 24. Rxe1 Bb5 25. Qb3 Re8 26. Re3 g4 27. Qd1 Rxe3 28. fxe3 Qe7 29. Qc1 Bh6 30. Bd2 Bd3 31. a4 Be4 32. Qc5 Qe8 33. Qb5 c6 34. dxc6 Bxg2 35. Kxg2 $11 {[%emt 0:00:58][%mdl 4096] Endgame KQB-KQB} Qe4+ 36. Kf2 Bxe3+ 37. Bxe3 Qf3+ 38. Ke1 Qxe3+ 39. Qe2 Qc3+ 40. Kf1 Qxc6 {[%emt 0:00:18] [#] And now ...Qh1+ would win.} 41. Qxg4 Qxa4 42. Qc8+ Kg7 43. Qxb7 {[%emt 0:00:06] Weighted Error Value: White=0.06 (flawless) /Black=0.04 (flawless)} 1/2-1/2

[Event "44th Chess Olympiad Open 2022"]
[Site "Chennai"]
[Date "2022.08.09"]
[Round "11.14"]
[White "Mchedlishvili, Mikheil"]
[Black "Adly, Ahmed"]
[Result "1/2-1/2"]
[ECO "D40"]
[WhiteElo "2593"]
[BlackElo "2582"]
[Annotator "TA"]
[PlyCount "71"]
[EventDate "2022.07.29"]
[EventType "team-tourn"]
[EventCountry "IND"]
[SourceTitle "playchess.com"]
[Source "ChessBase"]
[SourceQuality "1"]
[WhiteTeam "Georgia"]
[BlackTeam "Egypt"]
[WhiteTeamCountry "GEO"]
[BlackTeamCountry "EGY"]
[TimeControl "40/5400+30:1800+30"]

1. d4 Nf6 2. c4 e6 3. Nf3 d5 4. Nc3 c5 5. e3 Nc6 6. a3 a6 7. dxc5 Bxc5 8. b4 Ba7 9. Bb2 O-O 10. Qc2 Qe7 11. Rd1 Rd8 12. Be2 dxc4 13. Rxd8+ Nxd8 14. Bxc4 {[%emt 0:00:50] D40: Queen's Gambit Declined: Semi-Tarrasch with 5 e3.} Bd7 15. O-O Rc8 16. Bd3 {[%emt 0:10:44] White has an edge.} Bb8 17. Qb1 {[%emt 0:05:46] [#]} h6 $146 ({Predecessor:} 17... Bc6 18. Ne4 Nd7 19. Rc1 Nb6 20. Qa1 f5 21. Ned2 Bd5 22. Rxc8 Nxc8 23. e4 fxe4 24. Nxe4 {½-½ (35) Simonian,T (2294)-Yilmaz,M (2519) Paleochora 2011}) 18. Rd1 Ng4 19. Ne4 f5 20. Nc5 Bc6 21. e4 (21. h3 $16 Bxf3 22. gxf3) 21... Nf7 22. h3 (22. exf5 Ng5 23. f6 Nxf3+ 24. gxf3 Nxf6 $11) 22... Nf6 (22... Nge5 $16 23. Nxe5 (23. exf5 $2 Nxf3+ 24. gxf3 Qh4 $19) 23... Nxe5) 23. Re1 (23. exf5 $18 Bxf3 24. gxf3) 23... b6 24. Nxa6 (24. Bxa6 Rd8 25. Nd4 Rxd4 26. Bxd4 bxc5 27. bxc5 Qc7 $15) 24... Bf4 25. b5 (25. exf5 Bxf3 26. gxf3 Nd5 $11) 25... Bb7 26. Nb4 {[%emt 0:11:49] Hoping for Nc6.} (26. exf5 Bxf3 27. gxf3 Nd5 $14) 26... Nxe4 27. Nc6 $1 Bxc6 28. bxc6 Nfd6 29. Be5 (29. Bxe4 Nxe4 30. Rxe4 fxe4 31. Qxe4 Rf8 $11) 29... Bxe5 30. Nxe5 Qf6 31. Bxe4 fxe4 32. Nd7 {[%emt 0:02:35] White is more active.} Qc3 33. Rc1 ({Don't play} 33. Nxb6 Rxc6 34. Nd7 Qxa3 $11) 33... Qd3 {[%emt 0:01:03] [#]} 34. Qxb6 ({Better is} 34. Qa2 $1 $16 ) 34... Qxa3 $11 35. Rd1 {[%emt 0:03:01] And now c7 would win.} e3 $1 36. Qxe3 {[%emt 0:01:41] Weighted Error Value: White=0.24 (precise) /Black=0.17 (very precise)} 1/2-1/2

[Event "44th Chess Olympiad Open 2022"]
[Site "Chennai"]
[Date "2022.08.09"]
[Round "11.14"]
[White "Pantsulaia, Levan"]
[Black "Wageih, Kareim"]
[Result "1-0"]
[ECO "A09"]
[WhiteElo "2581"]
[BlackElo "2387"]
[Annotator "RC"]
[PlyCount "81"]
[EventDate "2022.07.29"]
[EventType "team-tourn"]
[EventCountry "IND"]
[SourceTitle "playchess.com"]
[Source "ChessBase"]
[SourceQuality "1"]
[WhiteTeam "Georgia"]
[BlackTeam "Egypt"]
[WhiteTeamCountry "GEO"]
[BlackTeamCountry "EGY"]
[TimeControl "40/5400+30:1800+30"]

1. Nf3 d5 2. c4 d4 3. b4 c5 4. b5 f6 5. g3 e5 6. d3 Be6 7. Bg2 Qc8 8. O-O Bh3 9. e4 Bg4 10. Qe1 g5 11. h4 h6 12. Nh2 gxh4 13. f4 h3 14. Bf3 Bxf3 15. Rxf3 Nd7 16. Qf1 Qc7 17. Qxh3 O-O-O 18. fxe5 fxe5 19. Rf7 Bd6 20. Nd2 Ne7 21. Ndf3 Qa5 22. Bd2 Qa3 23. Qf1 Rhg8 24. Kf2 h5 25. Qb1 Rdf8 26. Rxf8+ Rxf8 27. Qc2 Ng6 28. Ke2 Be7 29. Rb1 h4 30. Rb3 Qa4 31. Qc1 hxg3 32. Ra3 Qxa3 33. Qxa3 gxh2 34. Nxh2 Kb8 35. Qc1 Nf6 36. Qg1 Rg8 37. Qf2 Rf8 38. Qf5 Rg8 39. Nf3 Ng4 40. Qf7 Nf6 41. Bg5 1-0

[Event "44th Chess Olympiad Open 2022"]
[Site "Chennai"]
[Date "2022.08.09"]
[Round "11.14"]
[White "Fawzy, Adham"]
[Black "Paichadze, Luka"]
[Result "1-0"]
[ECO "B12"]
[WhiteElo "2471"]
[BlackElo "2561"]
[Annotator "RC"]
[PlyCount "77"]
[EventDate "2022.07.29"]
[EventType "team-tourn"]
[EventCountry "IND"]
[SourceTitle "playchess.com"]
[Source "ChessBase"]
[SourceQuality "1"]
[WhiteTeam "Egypt"]
[BlackTeam "Georgia"]
[WhiteTeamCountry "EGY"]
[BlackTeamCountry "GEO"]
[TimeControl "40/5400+30:1800+30"]

1. e4 c6 2. d4 d5 3. e5 c5 4. Nf3 Bg4 5. dxc5 e6 6. Bb5+ Nd7 7. b4 Ne7 8. Bb2 Nc6 9. a3 a5 10. Nbd2 axb4 11. Bxc6 bxc6 12. axb4 Rb8 13. Bc3 Be7 14. h3 Bh5 15. Ra4 f6 16. Qa1 Rc8 17. O-O O-O 18. Re1 fxe5 19. Bxe5 Nxe5 20. Qxe5 Bf7 21. Qe3 Kh8 22. Nb3 Bf6 23. Ra7 Ra8 24. Rxa8 Qxa8 25. Ne5 Qa4 26. Nxf7+ Rxf7 27. Qxe6 Rf8 28. Qf7 Qa8 29. Qd7 Bc3 30. Re6 Qb8 31. Qd6 Kg8 32. Qxc6 Qf4 33. Re2 Bxb4 34. Qxd5+ Kh8 35. Qe5 Qc4 36. Re4 Qb5 37. Qd4 Ba3 38. Qa4 Qb7 39. c6 1-0

[Event "44th Chess Olympiad Open 2022"]
[Site "Chennai"]
[Date "2022.08.09"]
[Round "11.15"]
[White "Vocaturo, Daniele"]
[Black "Cordova, Emilio"]
[Result "1/2-1/2"]
[ECO "B30"]
[WhiteElo "2616"]
[BlackElo "2549"]
[Annotator "TA"]
[PlyCount "62"]
[EventDate "2022.07.29"]
[EventType "team-tourn"]
[EventCountry "IND"]
[SourceTitle "playchess.com"]
[Source "ChessBase"]
[SourceQuality "1"]
[WhiteTeam "Italy"]
[BlackTeam "Peru"]
[WhiteTeamCountry "ITA"]
[BlackTeamCountry "PER"]
[TimeControl "40/5400+30:1800+30"]

1. e4 c5 2. Nf3 Nc6 3. Bb5 e6 4. O-O Nge7 5. Re1 b6 6. d4 {[%emt 0:04:52] B30: Sicilian: 2...Nc6 3 Bb5, lines without ...g6.} cxd4 7. Nxd4 Nxd4 8. Qxd4 {[%emt 0:00:09] [#] The position is equal.} Nc6 $146 ({Predecessor:} 8... a6 9. Bf1 Nc6 10. Qc3 Qc7 11. Qg3 Qxg3 12. hxg3 Bb7 13. c3 Bd6 14. Be3 Bc7 {½-½ (46) Vokhidov,S (2536)-Nihal,S (2646) Sharjah 2022}) 9. Qd1 Bb7 10. Nc3 a6 (10... Bc5 {seems wilder.} 11. Bf4 a6 12. Bf1 b5) 11. Bf1 d6 12. Bf4 Rc8 13. Qd2 Ne5 14. Rad1 {[%emt 0:00:30][%cal Oc3b5] With the idea Nb5!} (14. Qd4 $5 ) 14... Be7 $1 15. Qd4 O-O 16. Bxe5 dxe5 17. Qxe5 Qc7 18. Qxc7 Rxc7 19. Re2 Rfc8 20. Nb1 g5 21. c3 b5 22. a3 a5 23. b4 axb4 24. axb4 Ra8 25. f3 Bc6 {[%emt 0:00:38][%mdl 1024] Black has compensation.} 26. Kf2 Kg7 27. Rc2 Be8 28. Bd3 h5 29. Ke2 h4 30. Nd2 Bd6 31. h3 Rac8 {[%emt 0:02:24] An even fight not without its subleties.  Weighted Error Value: White=0.08 (flawless) /Black=0.08 (flawless)} 1/2-1/2

[Event "44th Chess Olympiad Open 2022"]
[Site "Chennai"]
[Date "2022.08.09"]
[Round "11.15"]
[White "Cruz, Cristhian"]
[Black "Moroni, Luca Jr"]
[Result "1-0"]
[ECO "D35"]
[WhiteElo "2579"]
[BlackElo "2584"]
[Annotator "RC"]
[PlyCount "109"]
[EventDate "2022.07.29"]
[EventType "team-tourn"]
[EventCountry "IND"]
[SourceTitle "playchess.com"]
[Source "ChessBase"]
[SourceQuality "1"]
[WhiteTeam "Peru"]
[BlackTeam "Italy"]
[WhiteTeamCountry "PER"]
[BlackTeamCountry "ITA"]
[TimeControl "40/5400+30:1800+30"]

1. d4 Nf6 2. c4 e6 3. Nc3 d5 4. cxd5 exd5 5. Bg5 c6 6. e3 Be6 7. Bd3 Nbd7 8. Nge2 h6 9. Bh4 g5 10. Bg3 Nh5 11. Qc2 Nxg3 12. Nxg3 h5 13. h3 Nb6 14. O-O-O Qf6 15. Kb1 O-O-O 16. f3 Kb8 17. Nge2 c5 18. Qd2 a6 19. Rc1 Rc8 20. e4 cxd4 21. Nxd5 Rxc1+ 22. Rxc1 Nxd5 23. exd5 Bxd5 24. Qa5 Qd6 25. Nxd4 Be7 26. Nf5 Qd8 27. Qxd8+ Bxd8 28. Bc4 Bc6 29. Bxa6 Bxf3 30. gxf3 bxa6 31. Nd6 Bc7 32. Nxf7 Rg8 33. Rc5 g4 34. hxg4 h4 35. Rh5 Bg3 36. Nh6 Re8 37. Nf5 Re1+ 38. Kc2 Re2+ 39. Kd3 Rxb2 40. Nxg3 hxg3 41. Rh3 Kc7 42. Rxg3 Kd7 43. Ke4 Ke6 44. Rh3 Rxa2 45. Rh6+ Kf7 46. g5 Ra4+ 47. Kf5 Ra5+ 48. Kg4 Ra4+ 49. f4 Ra1 50. Rf6+ Kg7 51. Re6 Kf7 52. Kf5 Ra5+ 53. Re5 Ra4 54. g6+ Kf8 55. Kg5 1-0

[Event "44th Chess Olympiad Open 2022"]
[Site "Chennai"]
[Date "2022.08.09"]
[Round "11.15"]
[White "Lodici, Lorenzo"]
[Black "Escalante Ramirez, Brian Sebasti"]
[Result "0-1"]
[ECO "D35"]
[WhiteElo "2553"]
[BlackElo "2496"]
[Annotator "RC"]
[PlyCount "125"]
[EventDate "2022.07.29"]
[EventType "team-tourn"]
[EventCountry "IND"]
[SourceTitle "playchess.com"]
[Source "ChessBase"]
[SourceQuality "1"]
[WhiteTeam "Italy"]
[BlackTeam "Peru"]
[WhiteTeamCountry "ITA"]
[BlackTeamCountry "PER"]
[TimeControl "40/5400+30:1800+30"]

1. d4 e6 2. c4 Nf6 3. Nc3 d5 4. cxd5 exd5 5. Bg5 c6 6. e3 Bd6 7. Bd3 O-O 8. Nge2 Re8 9. Qd2 Nbd7 10. Ng3 Nf8 11. Nf5 Bc7 12. g4 Ng6 13. Qc2 h6 14. Bxf6 Qxf6 15. O-O-O Nh4 16. Kb1 Be6 17. Ne2 g6 18. Nxh6+ Kg7 19. f4 Bd7 20. g5 Qd6 21. e4 dxe4 22. Bxe4 f5 23. Bd3 Re3 24. Bc4 Qe7 25. Rhf1 Re8 26. Nc3 Nf3 27. d5 Bxf4 28. dxc6 bxc6 29. h4 Be5 30. Nf7 Bxc3 31. bxc3 Rb8+ 32. Ka1 Be6 33. Nd6 Bxc4 34. Nxc4 Re2 35. Qc1 Ne5 36. Nxe5 Qxe5 37. Rfe1 Rxe1 38. Rxe1 Qc5 39. Qd2 Rd8 40. Qb2 Rd7 41. c4+ Kh7 42. Qf6 Qb4 43. Qe5 Qxc4 44. h5 Qf7 45. h6 f4 46. Rf1 Rd2 47. Qa5 Qd7 48. Rxf4 Re2 49. Qb4 c5 50. Qb1 Qe7 51. Qb5 Qe5+ 52. Kb1 Re1+ 53. Kc2 Qxg5 54. Qb7+ Kxh6 55. Qf3 Qe5 56. Kd2 Re2+ 57. Kd3 Rh2 58. Re4 Qd5+ 59. Kc3 Qd2+ 60. Kc4 Qxa2+ 61. Kxc5 Qf2+ 62. Qxf2 Rxf2 63. Kd4 0-1

[Event "44th Chess Olympiad Open 2022"]
[Site "Chennai"]
[Date "2022.08.09"]
[Round "11.15"]
[White "Terry, Renato"]
[Black "Brunello, Sabino"]
[Result "1/2-1/2"]
[ECO "A30"]
[WhiteElo "2502"]
[BlackElo "2520"]
[Annotator "RC"]
[PlyCount "80"]
[EventDate "2022.07.29"]
[EventType "team-tourn"]
[EventCountry "IND"]
[SourceTitle "playchess.com"]
[Source "ChessBase"]
[SourceQuality "1"]
[WhiteTeam "Peru"]
[BlackTeam "Italy"]
[WhiteTeamCountry "PER"]
[BlackTeamCountry "ITA"]
[TimeControl "40/5400+30:1800+30"]

1. Nf3 Nf6 2. c4 e6 3. b3 b6 4. g3 Bb7 5. Bg2 c5 6. O-O Be7 7. Bb2 O-O 8. d4 cxd4 9. Qxd4 Nc6 10. Qf4 d5 11. Rd1 Qb8 12. Nbd2 Qxf4 13. gxf4 Rfd8 14. Rac1 Rac8 15. Ne5 dxc4 16. Ndxc4 Nd5 17. e3 b5 18. Nxc6 Bxc6 19. Ne5 Be8 20. Bf3 g6 21. Ng4 h5 22. Ne5 Kf8 23. Be4 a5 24. a3 Nf6 25. Bd3 Ng4 26. Rxc8 Rxc8 27. Nf3 b4 28. axb4 Bxb4 29. h3 Nh6 30. Ng5 Ke7 31. Ne4 Ng8 32. Kf1 Bc6 33. Rc1 Bb7 34. Ke2 Rxc1 35. Bxc1 Bd5 36. Bc2 Nf6 37. Nxf6 Kxf6 38. Bb2+ Ke7 39. e4 Bc6 40. Bd3 a4 1/2-1/2

[Event "44th Chess Olympiad Open 2022"]
[Site "Chennai"]
[Date "2022.08.09"]
[Round "11.16"]
[White "Bjerre, Jonas Buhl"]
[Black "Kadric, Denis"]
[Result "1/2-1/2"]
[ECO "E61"]
[WhiteElo "2608"]
[BlackElo "2554"]
[Annotator "TA"]
[PlyCount "87"]
[EventDate "2022.07.29"]
[EventType "team-tourn"]
[EventCountry "IND"]
[SourceTitle "playchess.com"]
[Source "ChessBase"]
[SourceQuality "1"]
[WhiteTeam "Denmark"]
[BlackTeam "Montenegro"]
[WhiteTeamCountry "DEN"]
[BlackTeamCountry "MNE"]
[TimeControl "40/5400+30:1800+30"]

1. d4 Nf6 2. c4 d6 3. Nf3 g6 4. Nc3 Bf5 5. Qb3 b6 6. h3 {[%emt 0:01:00] E61: King's Indian: Early deviations for White, including Smyslov System.} Nc6 7. g4 Bd7 8. Bg2 {[%emt 0:09:11] White is slightly better.} Bg7 9. Qc2 {[%emt 0:06:10] [#]} h5 $146 ({Predecessor:} 9... a6 10. Bg5 h5 11. gxh5 Nxh5 12. Qd2 Qb8 13. b3 b5 14. Rc1 bxc4 15. bxc4 Ra7 {0-1 (53) Vass,F (2324)-Czebe,A (2401) Slovakia 2018}) 10. g5 $1 Nh7 11. Be3 O-O 12. Rd1 Re8 13. d5 $36 {[%emt 0:05:47][%mdl 2048] White has some pressure.} Nb4 14. Qd2 c5 15. Nh4 Qc8 16. a3 Na6 17. f4 Nc7 18. Qc2 (18. Be4 $14 {deserves consideration.}) 18... Qa6 (18... Nf8 $1 $11) 19. Ne4 {[%emt 0:09:55][%cal Of4f5] White is more active.} b5 (19... Qa4 $16 20. b3 Qxa3) 20. f5 $1 $18 bxc4 (20... gxf5 21. Ng3 Qa4 22. Qxa4 bxa4 23. Nhxf5 $16) 21. fxg6 fxg6 {[%emt 0:00:03] aiming for ...Ba4.} 22. Ng3 Nf8 {[%emt 0:00:01] White must now prevent ...Ba4.} (22... Qa5+ $2 23. Bd2 c3 24. Bxc3 (24. bxc3 Qa4 $14) 24... Bxc3+ 25. bxc3 $18) 23. O-O (23. Nxg6 Qa4 24. Qe4 c3 $11) 23... Qa4 (23... Ba4 24. Qe4 Bxd1 25. Nxg6 Bxe2 26. Nxe2) (23... e6 {was worth a try.}) 24. Qe4 c3 25. b4 (25. bxc3 Qxe4 26. Nxe4 Ba4 $17) 25... e6 {[%emt 0:07:46] Hoping for ...c2.} 26. Nxg6 exd5 {[%emt 0:00:02] [#]} 27. Qf3 Be6 {[%emt 0:04:21][%cal Bd7e6,Be6f7,Bf7g6][%mdl 32] Inhibits Qf7+.} 28. Qxh5 {[%emt 0:01:13][%cal Of1f8] Rxf8+! would kill now. Really sharp!} Qxd1 29. Rxd1 Bf7 30. Qf3 Bxg6 31. Bc1 (31. bxc5 dxc5 32. Nf5 (32. Bxc5 c2 $11) 32... Bxf5 33. Qxf5 Re5 $16) 31... Nfe6 32. Qg4 Nd4 33. Qd7 {[%emt 0:01:22] Prevents Re7.} (33. h4 $142) 33... Nde6 34. Qxd6 (34. Rf1 $18) 34... Rad8 $11 35. Qc6 Be5 36. Nf1 Rd6 37. Qb7 c2 38. Re1 {[%emt 0:00:10][%mdl 8192] [#]} (38. Rd2 $1 $11 {and White has nothing to worry.}) 38... Rb6 (38... Bc3 $1 $19 {[%cal Rc3e1] and Black stays clearly on top.} 39. Bd2 (39. bxc5 Rd7 $17) 39... cxb4 40. Bxc3 (40. axb4 $2 Bxd2 41. Nxd2 Ra8 $19) 40... bxc3 41. Qxa7 Ra6) 39. Qxa7 $17 Ra6 40. Qb7 Nd8 {[%emt 0:00:52][%mdl 1024] Black has strong compensation.} 41. Qc8 Nde6 42. Qb7 {[%emt 0:02:06] [#]} Nd8 (42... Raa8 $1 $17 {And now ...Reb8 would win.} 43. Qc6 (43. Bxd5 $2 Nxd5 44. Qxd5 Bc3 $19) 43... Ra6 44. Qb7) 43. Qc8 {[%emt 0:10:49] Threatens to win with Qg4.} Nde6 44. Qb7 $1 {[%emt 0:01:20] Quite a comeback for White.  Weighted Error Value: White=0.30/Black=0.33} 1/2-1/2

[Event "44th Chess Olympiad Open 2022"]
[Site "Chennai"]
[Date "2022.08.09"]
[Round "11.16"]
[White "Rasmussen, Allan Stig"]
[Black "Draskovic, Luka"]
[Result "0-1"]
[ECO "E94"]
[WhiteElo "2550"]
[BlackElo "2503"]
[Annotator "RC"]
[PlyCount "90"]
[EventDate "2022.07.29"]
[EventType "team-tourn"]
[EventCountry "IND"]
[SourceTitle "playchess.com"]
[Source "ChessBase"]
[SourceQuality "1"]
[WhiteTeam "Denmark"]
[BlackTeam "Montenegro"]
[WhiteTeamCountry "DEN"]
[BlackTeamCountry "MNE"]
[TimeControl "40/5400+30:1800+30"]

1. Nf3 Nf6 2. c4 g6 3. Nc3 Bg7 4. d4 d6 5. e4 O-O 6. Be2 Na6 7. O-O e5 8. Re1 Qe8 9. dxe5 dxe5 10. Be3 Ng4 11. Bd2 c6 12. h3 Nf6 13. Be3 Qe7 14. Nd2 Rd8 15. Qb1 Nc5 16. b4 Ne6 17. c5 Nd4 18. Nc4 Ne8 19. Bf1 Be6 20. a4 Bxc4 21. Bxc4 a5 22. Rc1 Nc7 23. Ne2 axb4 24. Nxd4 exd4 25. Bf4 Ne6 26. Bxe6 Qxe6 27. Qxb4 Qxe4 28. Bc7 Re8 29. Re1 Qc2 30. Rec1 Qe4 31. Re1 Qd5 32. Bd6 d3 33. Rad1 h5 34. a5 Bh6 35. Rf1 Re4 36. Qc3 Rd4 37. f4 Bg7 38. Qd2 Re8 39. Rde1 Rde4 40. Rxe4 Rxe4 41. Rf3 Rd4 42. f5 Kh7 43. fxg6+ fxg6 44. Re3 Qg5 45. Kf2 Bh6 0-1

[Event "44th Chess Olympiad Open 2022"]
[Site "Chennai"]
[Date "2022.08.09"]
[Round "11.16"]
[White "Djukic, Nikola"]
[Black "Andersen, Mads"]
[Result "1/2-1/2"]
[ECO "C90"]
[WhiteElo "2526"]
[BlackElo "2587"]
[Annotator "RC"]
[PlyCount "89"]
[EventDate "2022.07.29"]
[EventType "team-tourn"]
[EventCountry "IND"]
[SourceTitle "playchess.com"]
[Source "ChessBase"]
[SourceQuality "1"]
[WhiteTeam "Montenegro"]
[BlackTeam "Denmark"]
[WhiteTeamCountry "MNE"]
[BlackTeamCountry "DEN"]
[TimeControl "40/5400+30:1800+30"]

1. e4 e5 2. Nf3 Nc6 3. Bb5 a6 4. Ba4 Nf6 5. O-O Be7 6. d3 b5 7. Bb3 d6 8. c3 O-O 9. a4 Bd7 10. Bc2 Re8 11. Re1 h6 12. Nbd2 Bf8 13. Nf1 d5 14. exd5 Nxd5 15. axb5 axb5 16. Rxa8 Qxa8 17. Ng3 b4 18. Bd2 bxc3 19. bxc3 Nf6 20. Bb3 Qa3 21. Bc1 Qa5 22. Ne4 Nxe4 23. dxe4 Be6 24. Bd2 Bxb3 25. Qxb3 Rd8 26. Qc4 Qc5 27. Qxc5 Bxc5 28. Kf1 Na5 29. Ke2 Nc4 30. Bc1 f6 31. Rf1 Nb6 32. Be3 Na4 33. Rc1 Bxe3 34. Kxe3 Nc5 35. Ne1 Kf7 36. f3 Ke7 37. Ke2 h5 38. Rc2 h4 39. Rb2 Rd6 40. g3 hxg3 41. hxg3 Ke6 42. Rb4 Ra6 43. Nd3 Ra2+ 44. Ke3 Nxd3 45. Kxd3 1/2-1/2

[Event "44th Chess Olympiad Open 2022"]
[Site "Chennai"]
[Date "2022.08.09"]
[Round "11.16"]
[White "Blagojevic, Dragisa"]
[Black "Haubro, Martin"]
[Result "1/2-1/2"]
[ECO "D46"]
[WhiteElo "2499"]
[BlackElo "2411"]
[Annotator "RC"]
[PlyCount "90"]
[EventDate "2022.07.29"]
[EventType "team-tourn"]
[EventCountry "IND"]
[SourceTitle "playchess.com"]
[Source "ChessBase"]
[SourceQuality "1"]
[WhiteTeam "Montenegro"]
[BlackTeam "Denmark"]
[WhiteTeamCountry "MNE"]
[BlackTeamCountry "DEN"]
[TimeControl "40/5400+30:1800+30"]

1. d4 Nf6 2. Nf3 e6 3. c4 d5 4. Nc3 c6 5. e3 Nbd7 6. Qc2 Bd6 7. Be2 dxc4 8. Bxc4 b5 9. Be2 Bb7 10. O-O O-O 11. Rd1 Qc7 12. e4 e5 13. g3 Rfd8 14. Bg5 h6 15. dxe5 Nxe5 16. Bxf6 Nxf3+ 17. Bxf3 gxf6 18. Rac1 Qe7 19. Bg4 Be5 20. Bf5 Rxd1+ 21. Qxd1 Rd8 22. Qe2 Qc5 23. Rc2 Qd4 24. Kg2 Qd3 25. Qxd3 Rxd3 26. Ne2 c5 27. b3 c4 28. bxc4 bxc4 29. Rxc4 Rd2 30. Ng1 Rxa2 31. Nf3 Bd6 32. Bc8 Ba8 33. Bf5 Bb7 34. Bc8 Ba8 35. Bf5 Kg7 36. Nh4 a5 37. Bg4 Bb4 38. Bf3 Be1 39. Kf1 Bxf2 40. Nf5+ Kg6 41. Rc7 Bb6 42. Nh4+ Kg7 43. Nf5+ Kg6 44. Nh4+ Kg7 45. Nf5+ Kg6 1/2-1/2